[Event "*** MasterClass Titled Tuesday Blitz"]
[Site "Chess.com"]
[Date "2017.10.03"]
[Round "1"]
[White "SCIM"]
[Black "chesstatour"]
[Result "1-0"]
[WhiteElo "2418"]
[BlackElo "1853"]
[TimeControl "180+2"]
[EndTime "13:07:55 PDT"]
[Termination "SCIM won by resignation"]

1. d4 f5 2. Nf3 Nf6 3. Bf4 g6 4. e3 Bg7 5. Be2 d6 6. O-O O-O 7. h3 c6 8. c4 Na6 9. Nc3 Bd7 10. Rc1 Nc7 11. Bh2 Qe8 12. b4 Rb8 13. Qb3 Kh8 14.
Rfe1 h6 15. a4 g5 16. b5 Qg6 17. Qc2 Ne4 18. Nxe4 fxe4 19. Nd2 Ne8 20. Qxe4 Bf5 21.
Qf3 Nf6 22. bxc6 bxc6 23. Qxc6 Rb2 24. Nf3 Be4 25. Qc7 Rb7 26. Qa5 g4 27. Nh4 Qg5 28. Qxg5 hxg5 29. hxg4 gxh4 30. f3 Bh7 31. c5 dxc5 32.
Rxc5 Rb2 33. Rb5 Ra2 34. Rb7 Nd5 35. Bc4 Nxe3 36. Bxa2 Bxd4 37. Kh1 h3 38. gxh3 Rxf3 39. Rxe7 Bb6 40. Be5+ 1-0

[Event "*** MasterClass Titled Tuesday Blitz"]
[Site "Chess.com"]
[Date "2017.10.03"]
[Round "1"]
[White "MatthewG-p4p"]
[Black "PulpanJ"]
[Result "0-1"]
[WhiteElo "2604"]
[BlackElo "2340"]
[TimeControl "180+2"]
[EndTime "13:07:58 PDT"]
[Termination "PulpanJ won by resignation"]

1. e4 c5 2. Nf3 d6 3. Bb5+ Bd7 4. c4 Nf6 5. Nc3 a6 6. Bxd7+ Nbxd7 7. O-O g6 8. d4 cxd4 9. Nxd4 Bg7 10. Re1 O-O 11. b3 Rc8 12. Be3 b5 13. Qe2 bxc4 14. bxc4 Ne5 15. Nd5 Nxc4 16. Rac1 Nxd5 17. exd5 Nxe3 18. Qxe3 Rxc1 19. Rxc1 Qa5 20. Nc6 Qxa2 21. Nxe7+ Kh8 22. h3 Qb2 23. Rc7 a5 24. Qf4 Qa1+ 25. Rc1 Qe5 26.
Qxe5 Bxe5 27. Rc4 Rb8 28. g3 Rb4 29. Rc8+ Kg7 30. Nc6 Rb5 31. Ra8 Bc3 32. Ra7 Rxd5 33. Nd8 Rf5 34. Ra6 Bd4 35. Nb7 Bxf2+ 36. Kg2 Bc5 37.
Rxa5 Rf2+ 38. Kh1 Rf3 39. Kg2 Rc3 40. Ra6 Rc2+ 41. Kf3 Rc3+ 42. Kg2 Rd3 43. Rc6 Rd5 44. Rc7 Kf8 45. Nd8 Rd2+ 46. Kh1 Rf2 47. Nb7 Rf5 48. Kg2 h5 49. g4 hxg4 50. hxg4 Rf4 51. Kg3 Rc4 52. Kh3 Rc3+ 53. Kg2 Rc2+ 54. Kh3 g5 55. Nxd6 Rh2+ 0-1

[Event "*** MasterClass Titled Tuesday Blitz"]
[Site "Chess.com"]
[Date "2017.10.03"]
[Round "1"]
[White "motivated_bishop"]
[Black "Ar4uha"]
[Result "1-0"]
[WhiteElo "2179"]
[BlackElo "2460"]
[TimeControl "180+2"]
[EndTime "13:08:01 PDT"]
[Termination "motivated_bishop won by resignation"]

1. d4 Nf6 2. c4 e6 3. Nc3 Bb4 4. Qc2 c5 5. dxc5 O-O 6. Nf3 Bxc5 7. g3 b6 8. Bg2 Bb7 9. O-O Nc6 10. a3 Rc8 11. b3 d5 12. cxd5 exd5 13. Bb2 Qe7 14. Qd3 Rfd8 15. b4 Bd6 16. Rfd1 Ne5 17. Nxe5 Bxe5 18. Rac1 Rc4 19. Nxd5 Bxd5 20. Rxc4 Bxb2 21. Bxd5 Kf8 22. e4 Ng4 23. Qc2 Ne5 24. Rc7 Qf6 25.
f4 Nf3+ 26. Kg2 Qh6 27. Kxf3 Qh3 28. Rxf7+ Ke8 29. Qc6+ 1-0

[Event "*** MasterClass Titled Tuesday Blitz"]
[Site "Chess.com"]
[Date "2017.10.03"]
[Round "1"]
[White "silverback96"]
[Black "Keaton87"]
[Result "0-1"]
[WhiteElo "2119"]
[BlackElo "2463"]
[TimeControl "180+2"]
[EndTime "13:08:01 PDT"]
[Termination "Keaton87 won on time"]

1. d4 Nf6 2. c4 g6 3. g3 d5 4. cxd5 Nxd5 5. Nf3 Nb6 6. Bg2 Bg7 7. O-O Nc6 8. Nc3 Nxd4 9. Nxd4 Qxd4 10. Nb5 Qxd1 11.
Rxd1 Be5 12. Bf4 Bxf4 13. gxf4 O-O 14. Nxc7 Rb8 15. Nb5 a6 16. Nd4 Bg4 17. a4 Rfd8 18. b3 Rd6 19. a5 Nd5 20. Bxd5 Rxd5 21. f3 Bd7 22. Kf2 Rc8 23. Ke3 Rc3+ 24. Rd3 Rxd3+ 25.
Kxd3 Rh5 26. Rh1 Rxa5 27. Rc1 Rh5 28. Rc7 Bb5+ 29. Ke3 e5 30. Nxb5 exf4+ 31. Kxf4 Rxb5 32. Kg3 Rxb3 33. e4 a5 34. e5 a4 35. Kg4 h6 36. f4 a3 37. Rc8+ Kg7 38. Ra8 Rb4 39.
Rxa3 g5 0-1

[Event "*** MasterClass Titled Tuesday Blitz"]
[Site "Chess.com"]
[Date "2017.10.03"]
[Round "1"]
[White "GulamaliRises"]
[Black "VladimirBelous"]
[Result "0-1"]
[WhiteElo "2339"]
[BlackElo "2636"]
[TimeControl "180+2"]
[EndTime "13:08:05 PDT"]
[Termination "VladimirBelous won by resignation"]

1. e4 c5 2. Nf3 Nc6 3. Nc3 g6 4. d4 cxd4 5. Nxd4 Bg7 6. Nb3 Nf6 7. g3 O-O 8. Bg2 b6 9. O-O Ba6 10. Re1 Rc8 11. h3 d6 12. Nd5 Nd7 13. c3 Nde5 14. Bg5 h6 15. Bc1 Nd3 16. Re3 Nxc1 17. Rxc1 Ne5 18. Rc2 e6 19. Nb4 Bb7 20. Re1 Nc4 21.
Nd2 Ne5 22. Nf3 Nxf3+ 23. Bxf3 Qe7 24. Rd2 Rfd8 25. Qe2 h5 26. h4 Bh6 27. Rdd1 Qc7 28. Nc2 a6 29. Ne3 b5 30. Rd3 Qb6 31. Red1 Bg7 32.
Ng2 Be5 33. Kh2 a5 34. Qe3 Qc7 35. Be2 Bc6 36. f4 Bg7 37. Bf3 b4 38. cxb4 axb4 39.
Qd2 Qb8 40. b3 Bc3 41. Qf2 Bb5 42. Re3 Qa8 43. g4 hxg4 44. Bxg4 d5 45. f5 d4 46.
fxg6 f5 47. Rg3 Qxe4 48. Nf4 fxg4 49. Nh5 Qf5 50. Nf6+ Kg7 51. Nxg4 Qxf2+ 52. Nxf2 Rh8 53. Kh3 e5 0-1

[Event "*** MasterClass Titled Tuesday Blitz"]
[Site "Chess.com"]
[Date "2017.10.03"]
[Round "1"]
[White "DiogenesSinopeus"]
[Black "GM_dmitrij"]
[Result "0-1"]
[WhiteElo "2381"]
[BlackElo "2657"]
[TimeControl "180+2"]
[EndTime "13:08:06 PDT"]
[Termination "GM_dmitrij won by resignation"]

1. d4 d5 2. c4 e6 3. Nc3 Bb4 4. e3 Nf6 5. a3 Bxc3+ 6. bxc3 O-O 7. cxd5 exd5 8. Bd3 c5 9. Ne2 Nc6 10. O-O c4 11.
Bb1 Ne7 12. Ng3 Be6 13. f3 Ne8 14. e4 Qd7 15. Ra2 f5 16. e5 b5 17. a4 Nc7 18.
Ba3 Rf7 19. Ne2 f4 20. Qc1 g5 21. h4 h6 22. Bxe7 Qxe7 23. axb5 Nxb5 24. Qc2 Rg7 25. h5 Rf8 26. Qa4 Nc7 27. Bg6 Bf7 28. Bxf7+ Rfxf7 29. Qxa7 g4 30. Qc5 Qh4 31. e6 Nxe6 32. Qxd5 gxf3 33. Qxf3 Ng5 34. Ra8+ Kh7 35. Qf2 Nh3+ 0-1

[Event "*** MasterClass Titled Tuesday Blitz"]
[Site "Chess.com"]
[Date "2017.10.03"]
[Round "1"]
[White "PlotnikovPavel"]
[Black "fidetrainerNET"]
[Result "1-0"]
[WhiteElo "2453"]
[BlackElo "2066"]
[TimeControl "180+2"]
[EndTime "13:08:08 PDT"]
[Termination "PlotnikovPavel won by checkmate"]

1. d4 c5 2. d5 e5 3. c4 d6 4. Nc3 Be7 5. e4 a6 6. Bd3 Bg5 7. Nf3 Bxc1 8. Qxc1 Bg4 9. Qe3 Nf6 10. h3 Bh5 11. g4 Bg6 12. a4 Qb6 13. Qd2 Nbd7 14. a5 Qc7 15. O-O h5 16. g5 Nh7 17. Nh4 Ndf8 18. f4 exf4 19. Qxf4 O-O-O 20. Nf5 Rg8 21. Na4 Kb8 22. Nb6 f6 23. h4 fxg5 24. hxg5 Nd7 25.
Nh4 Nhf8 26. Nxd7+ Qxd7 27. Kh2 Ka7 28. b4 cxb4 29.
Rab1 Qc7 30. Rxb4 Qxa5 31. Rfb1 Rd7 32. Qe3+ Qc5 33. Qxc5+ dxc5 34. R4b3 Be8 35. e5 g6 36. Be4 Rgg7 37. e6 Rd6 38. Kg3 b6 39. Kf4 Nh7 40. Ke5 Nxg5 41. Kxd6 Nxe4+ 42. Ke5 Nd2 43. d6 Nxc4+ 44.
Kd5 b5 45. Nf3 Nd2 46. Nxd2 c4 47. Rf3 Kb7 48. Ke5 Bc6 49. Ne4 g5 50. Rf7+ Rxf7 51. exf7 g4 52. f8=Q g3 53. Qe7+ Kb6 54. Qc7# 1-0

[Event "*** MasterClass Titled Tuesday Blitz"]
[Site "Chess.com"]
[Date "2017.10.03"]
[Round "1"]
[White "mazetofonias"]
[Black "Makalexa"]
[Result "1-0"]
[WhiteElo "2487"]
[BlackElo "2159"]
[TimeControl "180+2"]
[EndTime "13:08:09 PDT"]
[Termination "mazetofonias won on time"]

1. e4 e5 2. Nf3 Nc6 3. Bc4 Bc5 4. c3 Nf6 5. d3 O-O 6. Bb3 d6 7. Nbd2 Ne7 8. h3 Ng6 9. d4 Bb6 10. O-O a6 11. Re1 Qe7 12. Nc4 Ba7 13. a4 h6 14. a5 Be6 15. Qc2 Nh5 16. Ne3 Nhf4 17. Nf5 Qf6 18. Be3 Bxf5 19. exf5 Nh4 20. Nxh4 Qxh4 21.
dxe5 dxe5 22. Bxa7 Qg5 23. g3 Rxa7 24. Rxe5 Nxh3+ 25. Kf1 Rd8 26. Rd1 Raa8 27. Red5 Rxd5 28. Rxd5 Re8 29. Qd2 Qf6 30. Rd7 Rf8 31. Qd5 c6 32.
Qd3 Qg5 33. Rxb7 1-0

[Event "*** MasterClass Titled Tuesday Blitz"]
[Site "Chess.com"]
[Date "2017.10.03"]
[Round "1"]
[White "Rbrrt"]
[Black "TregubovP"]
[Result "1/2-1/2"]
[WhiteElo "2272"]
[BlackElo "2514"]
[TimeControl "180+2"]
[EndTime "13:08:11 PDT"]
[Termination "Game drawn - insufficient material"]

1. e4 c5 2. Nf3 e6 3. d4 cxd4 4. Nxd4 Nc6 5. Nc3 Nf6 6. Ndb5 Bb4 7. a3 Bxc3+ 8. Nxc3 d5 9. exd5 exd5 10. Bd3 O-O 11. O-O d4 12. Ne4 Bf5 13. Bg5 Bxe4 14. Bxe4 h6 15. Bxf6 Qxf6 16. Re1 Rac8 17. Qf3 Qxf3 18. Bxf3 Na5 19. b4 Nc4 20. Bxb7 Rc7 21. Be4 Re8 22. Bd3 Rxe1+ 23. Rxe1 Kf8 24. a4 Nb2 25. Kf1 Nxa4 26. Re4 Nb2 27. Rxd4 Nxd3 28. cxd3 Ke7 29. Rc4 Rb7 30. Ke2 Kd6 31. Kd2 Rb5 32. Kc3 a5 33. d4 h5 34. h4 g5 35.
Rc5 axb4+ 36. Kc4 Rb7 37. Kb3 gxh4 38. Rxh5 Ke6 39. Rxh4 Kd5 40. Rf4 Ke6 41. g4 Kd5 42.
g5 Ke6 43. Rf6+ Kd5 44. f4 Kxd4 45. g6 fxg6 46. Rxg6 Ke4 47. Rh6 Kxf4 48. Rh4+ Ke5 49. Rxb4 Rxb4+ 50. Kxb4 1/2-1/2

[Event "*** MasterClass Titled Tuesday Blitz"]
[Site "Chess.com"]
[Date "2017.10.03"]
[Round "1"]
[White "eldur16"]
[Black "roldieyi"]
[Result "1-0"]
[WhiteElo "2479"]
[BlackElo "2136"]
[TimeControl "180+2"]
[EndTime "13:08:13 PDT"]
[Termination "eldur16 won on time"]

1. c4 Nf6 2. Nf3 e6 3. Nc3 d5 4. d4 Be7 5. Bg5 O-O 6. e3 a6 7. Rc1 Nbd7 8. cxd5 exd5 9. Bd3 b5 10. O-O Bb7 11. a3 Rc8 12. b4 g6 13. Bb1 Ne4 14. Nxe4 dxe4 15. Bxe7 Qxe7 16. Nd2 Nf6 17. Rc5 Rfe8 18.
Qb3 Qd6 19. h3 Bd5 20. Qb2 c6 21. Rfc1 Rcd8 22. Ba2 Nd7 23. R5c2 Nf6 24. Bxd5 cxd5 25. Rc6 Qe7 26. Rxa6 Rc8 27. Rc5 Rb8 28. Rac6 Red8 29.
Qc1 Kg7 30. Qf1 Qb7 31. f3 Rdc8 32. Rxc8 Rxc8 33. fxe4 dxe4 34. Qf4 Rxc5 35. bxc5 Qd5 36. Kh2 g5 37. Qe5 Qc6 38. Nf1 Kg6 39. Ng3 h6 40.
Nf5 1-0

[Event "*** MasterClass Titled Tuesday Blitz"]
[Site "Chess.com"]
[Date "2017.10.03"]
[Round "1"]
[White "Cayse"]
[Black "manubibi"]
[Result "1-0"]
[WhiteElo "2647"]
[BlackElo "2348"]
[TimeControl "180+2"]
[EndTime "13:08:14 PDT"]
[Termination "Cayse won on time"]

1. e4 c5 2. Nf3 d6 3. Bb5+ Bd7 4.
Bxd7+ Qxd7 5. c4 Nf6 6. Nc3 Nc6 7. d4 cxd4 8. Nxd4 g6 9. f3 Bg7 10. Be3 O-O 11. O-O a6 12. Qd3 Qd8 13. b3 Nd7 14. Nde2 Rb8 15. Rac1 Qa5 16. a4 Nc5 17. Qc2 Nb4 18. Qd2 Nxb3 19. Qd1 Nxc1 20. Bxc1 Qc5+ 21.
Kh1 Qxc4 22. Bd2 Rfc8 23. h3 b5 24. axb5 axb5 25. Qb1 Nd3 26. Nd5 Rb7 27. Bg5 Kf8 28. Ne3 Qc5 29. Bxe7+ Rxe7 30. Qxd3 Ra8 31. Rc1 Ra1 32. Rxa1 Bxa1 33. Nd5 Ra7 34. f4 Ra3 35. Qd2 Bg7 36. Kh2 h5 37. Ng1 Qd4 38. Qc1 Ra8 39. Qc6 Re8 40. Qxd6+ Kg8 41. e5 Rxe5 42. Nf6+ Bxf6 43. Qxd4 Rf5 44. Qe4 1-0

[Event "*** MasterClass Titled Tuesday Blitz"]
[Site "Chess.com"]
[Date "2017.10.03"]
[Round "1"]
[White "ruifeng"]
[Black "Shtembuliak"]
[Result "1-0"]
[WhiteElo "2400"]
[BlackElo "2610"]
[TimeControl "180+2"]
[EndTime "13:08:15 PDT"]
[Termination "ruifeng won by resignation"]

1. d4 Nf6 2. Nc3 e6 3. e4 d5 4.
e5 Nfd7 5. f4 c5 6. Nf3 Nc6 7.
Be3 Be7 8. a3 O-O 9. dxc5 Bxc5 10. Bxc5 Nxc5 11. b4 Nd7 12. Bd3 f6 13. O-O fxe5 14.
Bxh7+ Kxh7 15. Ng5+ Kg8 16. Nxe6 Qe7 17. Nxf8 Nxf8 18.
Nxd5 Qd6 19. f5 Nd4 20. f6 g6 21. Ne7+ Kf7 22. c3 Nf5 23. Nxf5 Qb6+ 24. Nd4 exd4 25. cxd4 Be6 26. Kh1 Rd8 27. Qd2 Qxd4 28. Qh6 Rd7 29. Qg7+ Ke8 30. f7+ Ke7 31. Qg8 Qg4 32. Qg7 Qd4 33.
Qh6 Qg4 34. Qe3 Qd4 35. Qg5+ Kd6 36. Rad1 Kc7 37. Rxd4 Rxd4 38. Qc5+ 1-0

[Event "*** MasterClass Titled Tuesday Blitz"]
[Site "Chess.com"]
[Date "2017.10.03"]
[Round "1"]
[White "RaphaeI"]
[Black "SergeiAza"]
[Result "1/2-1/2"]
[WhiteElo "2411"]
[BlackElo "2702"]
[TimeControl "180+2"]
[EndTime "13:08:22 PDT"]
[Termination "Game drawn by repetition"]

1. Nf3 Nf6 2. g3 b5 3. e3 Bb7 4. Bxb5 e5 5. O-O Bd6 6. d4 exd4 7. exd4 O-O 8. Re1 Nc6 9. c3 Ne7 10. Bf1 Rb8 11. Nbd2 Ba8 12. Nc4 Nf5 13. Bg2 Qc8 14. Qc2 Qa6 15. b3 g6 16. Bg5 Nd5 17. Nfe5 f6 18. Nxd7 fxg5 19. Nxb8 Rxb8 20. Nxd6 cxd6 21. c4 Nb4 22. Qd2 Bxg2 23. Kxg2 d5 24. a3 Nc6 25.
cxd5 Ncxd4 26. Qc3 Qd6 27. Qc4 Qf6 28. Rad1 Rf8 29. d6+ Kh8 30. d7 Nh4+ 31. gxh4 Qf3+ 32. Kg1 Qxf2+ 33. Kh1 Qf3+ 34. Kg1 Qf2+ 35. Kh1 Qf3+ 36. Kg1 Qf2+ 37. Kh1 1/2-1/2

[Event "*** MasterClass Titled Tuesday Blitz"]
[Site "Chess.com"]
[Date "2017.10.03"]
[Round "1"]
[White "oskariot"]
[Black "visa"]
[Result "1-0"]
[WhiteElo "2495"]
[BlackElo "2179"]
[TimeControl "180+2"]
[EndTime "13:08:23 PDT"]
[Termination "oskariot won on time"]

1. e4 d6 2. d4 Nf6 3. Nc3 Nbd7 4. Nge2 e5 5. g3 c6 6. Bg2 Be7 7. a4 a5 8. O-O Qc7 9. h3 O-O 10. g4 Nb6 11. b3 d5 12. dxe5 Nxe4 13. Nxe4 dxe4 14. Qd4 f5 15. g5 Qd8 16. Qxd8 Rxd8 17. c4 Be6 18. Be3 Nd7 19. Bf4 b5 20. Nd4 Nc5 21.
Nxc6 Rd7 22. cxb5 Nxb3 23. Rad1 Bc5 24. Be3 Bxe3 25. fxe3 Kf7 26. Rd6 Rxd6 27. exd6 g6 28.
Rd1 Nc5 29. b6 Bd7 30. Rc1 Nxa4 31. b7 Re8 32. b8=Q Bxc6 33. Qc7+ 1-0

[Event "*** MasterClass Titled Tuesday Blitz"]
[Site "Chess.com"]
[Date "2017.10.03"]
[Round "1"]
[White "Aygehovit1992"]
[Black "Laico"]
[Result "0-1"]
[WhiteElo "2447"]
[BlackElo "2113"]
[TimeControl "180+2"]
[EndTime "13:08:36 PDT"]
[Termination "Laico won by checkmate"]

1. d4 e6 2. Nf3 f5 3. Bg5 Be7 4. h4 b6 5. c3 Bb7 6. Nbd2 Nf6 7. e3 Ne4 8. Bxe7 Qxe7 9. Nxe4 fxe4 10. Ne5 O-O 11.
h5 d6 12. Ng6 hxg6 13. hxg6 Qg5 14. Qe2 Qxg6 15. O-O-O Ba6 16. Qc2 Bxf1 17. Rdxf1 Nd7 18.
Rh4 Nf6 19. Rfh1 d5 20. Qa4 Rae8 21. Qc6 Re7 22. g3 Kf7 23. a4 a5 24. Kb1 Rd7 25.
Rf4 Ke7 26. Qb5 Rc8 27. Qb3 Rb8 28. c4 c6 29. c5 Rdb7 30. Qc3 Kd7 31. Rc1 bxc5 32.
Qxc5 Rxb2+ 33. Ka1 R8b6 34. Qxa5 Qe8 35. Qa7+ Rb7 36. Qc5 Kc7 37. g4 R2b6 38. g5 Nd7 39. Qc3 Qb8 40. Qc2 Rb2 41. Qxc6+ Kd8 42. Rh4 Rb1+ 43.
Ka2 R7b2+ 44. Ka3 Qb3# 0-1

[Event "*** MasterClass Titled Tuesday Blitz"]
[Site "Chess.com"]
[Date "2017.10.03"]
[Round "1"]
[White "GeorgMeier"]
[Black "Gergo85"]
[Result "1-0"]
[WhiteElo "2787"]
[BlackElo "2407"]
[TimeControl "180+2"]
[EndTime "13:08:38 PDT"]
[Termination "GeorgMeier won by resignation"]

1. Nf3 f5 2. g3 Nf6 3. Bg2 g6 4. O-O Bg7 5. d4 O-O 6. b3 d6 7. Bb2 c6 8. Nbd2 a5 9. c4 a4 10. Qc2 axb3 11. axb3 Rxa1 12. Rxa1 Na6 13. Bc3 Bd7 14.
b4 Qb6 15. Qb3 Kh8 16. e3 Be6 17. Ng5 Bg8 18. b5 cxb5 19. Ba5 Qa7 20. Qxb5 d5 21. Bb6 Qb8 22. cxd5 Nc7 23. Bxc7 Qxc7 24. Nc4 Qd7 25.
Qxd7 Nxd7 26. Rb1 Rc8 27. Rxb7 Rxc4 28. Rxd7 Rc1+ 29. Bf1 Bf6 30. h4 h6 31. Ne6 Bxe6 32. dxe6 Kg7 33. Kg2 g5 34. h5 Rd1 35. Be2 Rd2 36. Kf1 Rb2 37. d5 Rb6 38. Bc4 Rd6 39. Rb7 Rd8 40. Ke2 Rc8 41. d6 Rxc4 42. d7 Rc2+ 43.
Kd1 Rc6 44. d8=Q 1-0

[Event "*** MasterClass Titled Tuesday Blitz"]
[Site "Chess.com"]
[Date "2017.10.03"]
[Round "1"]
[White "Robin-Side"]
[Black "lukas_111111"]
[Result "0-1"]
[WhiteElo "2598"]
[BlackElo "2339"]
[TimeControl "180+2"]
[EndTime "13:08:39 PDT"]
[Termination "lukas_111111 won by resignation"]

1. d4 Nf6 2. Nc3 d5 3. e4 dxe4 4. f3 exf3 5. Nxf3 e6 6. Bd3 c5 7. dxc5 Bxc5 8. Qe2 Nc6 9. Bg5 h6 10. Bh4 g5 11. Bg3 Nh5 12. Be5 Nf4 13. Bxf4 gxf4 14.
O-O-O Bd7 15. Ne4 Be3+ 16. Kb1 Qe7 17. Nfd2 Bxd2 18. Qxd2 e5 19. Bc4 O-O-O 20. Nd6+ Kb8 21. Nxf7 Bg4 22. Nxd8 Rxd8 23. Qc1 Bxd1 24. Rxd1 Rxd1 25. Qxd1 e4 26. Qf1 Qe5 27. a3 a6 28. c3 Ne7 29.
Qd1 Kc7 30. Kc2 Nf5 31. Qe2 Ne3+ 32. Kc1 Qg5 33. Kb1 Qxg2 34. Qxg2 Nxg2 35. Bd5 e3 36. Bf3 Ne1 37. Bh5 f3 38. Kc1 Nd3+ 39. Kd1 e2+ 40.
Kd2 0-1

[Event "*** MasterClass Titled Tuesday Blitz"]
[Site "Chess.com"]
[Date "2017.10.03"]
[Round "1"]
[White "Krasimir_Rusev"]
[Black "evgenysharapov"]
[Result "1-0"]
[WhiteElo "2522"]
[BlackElo "2241"]
[TimeControl "180+2"]
[EndTime "13:08:41 PDT"]
[Termination "Krasimir_Rusev won by resignation"]

1. d4 d5 2. Bf4 Nf6 3. e3 c6 4.
c4 Bf5 5. Nc3 e6 6. Qb3 Qb6 7. c5 Qxb3 8. axb3 Nbd7 9. h3 Ne4 10.
b4 Nxc3 11. bxc3 a6 12. Nf3 Rc8 13. Be2 Be7 14. O-O h6 15. Bg3 Nf6 16. Nd2 Ne4 17. Nxe4 Bxe4 18. c4 Kd7 19. f3 Bg6 20. b5 axb5 21.
cxb5 Ra8 22. b6 Rhc8 23. Rfc1 Bd8 24. Kf2 Bf5 25. Ke1 h5 26. Kd2 h4 27. Bh2 g5 28.
Kc3 Bg6 29. Kb4 Bf5 30. Be5 f6 31. Bh2 Bg6 32. Kc3 Bf5 33. Bf1 Bg6 34. Re1 Bf5 35.
Ra7 Rxa7 36. bxa7 Ra8 37. Ra1 Bc7 38. Bxc7 Kxc7 39. Kb4 b5 40. cxb6+ Kxb6 41. Ra6+ Kb7 42. Kc5 e5 43. Be2 e4 44. Rb6+ Kxa7 45. Ra6+ Kb7 46. Rxa8 Kxa8 47. Kxc6 exf3 48. Bxf3 Be4 49. Bxe4 dxe4 50. Kc7 f5 51. d5 f4 52. d6 1-0

[Event "*** MasterClass Titled Tuesday Blitz"]
[Site "Chess.com"]
[Date "2017.10.03"]
[Round "1"]
[White "MITerryble"]
[Black "Quiet_Desperation"]
[Result "1-0"]
[WhiteElo "2632"]
[BlackElo "2333"]
[TimeControl "180+2"]
[EndTime "13:08:56 PDT"]
[Termination "MITerryble won by resignation"]

1. d4 Nf6 2. Nf3 e6 3. c4 Bb4+ 4. Bd2 Qe7 5. Nc3 O-O 6. e3 d6 7. Qc2 Nc6 8. Bd3 Bxc3 9. Bxc3 e5 10. d5 Nb8 11. Nd2 c6 12. dxc6 bxc6 13. O-O d5 14. cxd5 cxd5 15. Qa4 Bd7 16. Qh4 Nc6 17. Rac1 Rfe8 18.
Rfe1 g6 19. Bb5 Rac8 20. Nf3 Ne4 21. Qxe7 Rxe7 22. Bxc6 Nxc3 23. Rxc3 Rxc6 24. Ra3 Bg4 25. Ra5 Bxf3 26. gxf3 Rd7 27. Rd1 Rc2 28. b4 f6 29. a4 d4 30. exd4 Rxd4 31. Rxd4 exd4 32. Rxa7 Rc4 33. b5 d3 34. Rd7 Rxa4 35. Rxd3 Rb4 36.
Rd8+ Kg7 37. Rb8 Kh6 38. Rb7 Kg5 39. Kg2 h5 40. b6 f5 41. Kg3 f4+ 42. Kg2 Rb3 43.
Rb8 h4 44. Kf1 Rxf3 45. Rc8 Rb3 46. Rc6 f3 47. Ke1 h3 48. Kd2 Rb2+ 49. Kc3 Rb5 50. Kd4 Kf5 51. Rc5+ Rxc5 52. Kxc5 1-0

[Event "*** MasterClass Titled Tuesday Blitz"]
[Site "Chess.com"]
[Date "2017.10.03"]
[Round "1"]
[White "WanderingPuppet"]
[Black "petrpalachev"]
[Result "0-1"]
[WhiteElo "2300"]
[BlackElo "2576"]
[TimeControl "180+2"]
[EndTime "13:08:57 PDT"]
[Termination "petrpalachev won by resignation"]

1. e4 c5 2. Nf3 d6 3. d4 cxd4 4. Nxd4 Nf6 5. Nc3 a6 6. h4 e5 7. Nb3 Be6 8. f4 exf4 9. Bxf4 Nc6 10. Qf3 Ne5 11. Qf2 Be7 12. O-O-O O-O 13. Bxe5 Ng4 14.
Qg3 Nxe5 15. Nd4 Bf6 16. Nf5 Qa5 17. h5 Kh8 18. h6 g6 19. Rd5 Bxd5 20. Nxd5 Bg5+ 21.
Kb1 gxf5 22. Bd3 Rg8 23. Rf1 f4 24. Qh3 Qd8 25. a3 Qd7 26. Qh5 Qe6 27. Qh1 Qxh6 28. Qg1 Rac8 29. Qd4 Qg7 30. Nxf4 Bxf4 31. Rxf4 Nxd3 32.
Qxd3 Rc6 33. Qf3 Rf8 34. Rg4 Qe5 35. Rf4 Rc7 36. Rf5 Qd4 37. Rd5 Qg7 38. Rxd6 Re7 39. Rf6 Rxe4 40. Qxe4 Qxf6 41. Qxb7 Re8 42. Ka2 Qe6+ 43.
b3 Qe4 44. Qc7 Qxg2 45. Qc3+ Kg8 46. Kb2 Qg7 0-1

[Event "*** MasterClass Titled Tuesday Blitz"]
[Site "Chess.com"]
[Date "2017.10.03"]
[Round "1"]
[White "chessking2151"]
[Black "Tesla37"]
[Result "0-1"]
[WhiteElo "2355"]
[BlackElo "2654"]
[TimeControl "180+2"]
[EndTime "13:09:06 PDT"]
[Termination "Tesla37 won by resignation"]

1. e4 c5 2. Nf3 e6 3. d4 cxd4 4.
Nxd4 Nc6 5. Nc3 a6 6. Nxc6 bxc6 7. Bd3 d5 8. O-O Nf6 9. Re1 Be7 10. e5 Nd7 11. Qg4 Kf8 12. Na4 Qa5 13. Re2 h5 14.
Qf4 g5 15. Bd2 gxf4 16. Bxa5 Rg8 17. f3 Rb8 18. b3 f6 19. Bc3 Nxe5 20. Bxe5 fxe5 21.
Rxe5 Bf6 22. Rae1 Bxe5 23. Rxe5 h4 24. Kf2 Ke7 25. c4 Bd7 26. c5 a5 27. Nb6 Be8 28.
Re2 Kf6 29. a3 Rb7 30. Ra2 Rbg7 31. Bf1 e5 32. b4 Ra7 33. Nc8 Rc7 34. Nb6 axb4 35.
axb4 e4 36. Ra6 Ke5 37. fxe4 dxe4 38. Nc4+ Kd4 39. Nd6 e3+ 40. Ke1 Bg6 41. Ra1 Rb8 42. Rd1+ Kc3 43. b5 Bc2 44. Rc1 Kb2 45. b6 Re7 46. Rxc2+ Kxc2 47. Bc4 Kc3 48. Ke2 Kb4 49. Bd3 Kxc5 50. Nf5 Re5 51. Nxh4 Rxb6 52. Nf3 Rb2+ 53. Ke1 Rd5 54. Be4 Rd8 55. h4 Ra8 0-1

[Event "*** MasterClass Titled Tuesday Blitz"]
[Site "Chess.com"]
[Date "2017.10.03"]
[Round "1"]
[White "amaidel"]
[Black "51616516516"]
[Result "1-0"]
[WhiteElo "2442"]
[BlackElo "2038"]
[TimeControl "180+2"]
[EndTime "13:09:06 PDT"]
[Termination "amaidel won on time"]

1. e4 c5 2. Nf3 g6 3. d4 cxd4 4. Nxd4 Nc6 5. Nc3 Bg7 6. Nb3 Bxc3+ 7. bxc3 Nf6 8. Qe2 d6 9. c4 O-O 10. Bb2 Be6 11. O-O-O Qc7 12. h4 Ne5 13. c5 dxc5 14. h5 c4 15. Nd4 c3 16. Ba3 Qa5 17. Nb5 a6 18. Bxe7 Qxa2 19. Nxc3 Qa1+ 20. Kd2 Rfd8+ 21. Bxd8 Rxd8+ 22. Nd5 Qa5+ 23. Ke3 Bxd5 24. exd5 Nxd5+ 25. Rxd5 Qxd5 26. Kf4 Qd4+ 27. Kg3 g5 28. Kh2 Qf4+ 29. Kg1 Rd2 30. Qe1 Ng4 31. Be2 Rxc2 32. Bxg4 Rc1 33. Bd1 Qd4 34. Kh2 Qh4+ 35. Kg1 Qd4 36. Qe8+ Kg7 37.
h6+ Kg6 38. Qg8+ Kf5 39. Qxf7+ Ke4 40. Qe6+ Kd3 41. Kh2 Qf4+ 42. g3 Qxf2+ 43. Kh3 Rxd1 44. Rxd1+ Kc2 45. Qd5 g4+ 46. Kh4 Qf6+ 47. Kxg4 Qg6+ 48.
Kh3 Qxh6+ 49. Kg2 Qe3 50. Rf1 1-0

[Event "*** MasterClass Titled Tuesday Blitz"]
[Site "Chess.com"]
[Date "2017.10.03"]
[Round "1"]
[White "Fandorine"]
[Black "Jungle_Jaguar"]
[Result "1-0"]
[WhiteElo "2652"]
[BlackElo "2365"]
[TimeControl "180+2"]
[EndTime "13:09:07 PDT"]
[Termination "Fandorine won by resignation"]

1. e4 c5 2. Nf3 d6 3. Nc3 Nc6 4. Bb5 Bd7 5. Bxc6 Bxc6 6. d4 cxd4 7. Qxd4 Nf6 8. Bg5 e5 9. Qd3 h6 10. Bxf6 Qxf6 11. Nd5 Bxd5 12. Qxd5 Rb8 13. Qb5+ Ke7 14. Nd2 Qg5 15. g3 Kf6 16. Nc4 Be7 17. Ne3 Kg6 18.
h4 Qf6 19. Nd5 Qe6 20. Qe2 Rhc8 21. c3 Kh7 22. Rd1 b5 23. a3 a5 24. O-O Rc4 25. Qf3 Bd8 26. Kg2 Qg6 27. Ne3 Rc6 28. h5 Qe6 29.
Nd5 Bg5 30. Rd3 Rf8 31. Rfd1 f5 32. exf5 Rxf5 33. Qe4 Kh8 34. Nf4 Bxf4 35. Qxc6 e4 36. Rxd6 Bxd6 37. Rxd6 Qf7 38. Rd8+ Kh7 39. Qxe4 g6 40.
hxg6+ Qxg6 41. Rd7+ Kg8 42. Qa8+ Rf8 43. Qd5+ Kh8 44.
Rd6 Qg7 45. Qd4 Qxd4 46. Rxd4 Rb8 47. Rd5 Kg7 48. b4 axb4 49. axb4 Kf6 50. Rc5 Rb6 51.
Kh3 Kg6 52. f4 Kf6 53. Kg4 Kg6 54. f5+ Kg7 55. Kf4 Kf6 56. g4 Rb7 57. Rc6+ Kf7 58.
Rxh6 Kg7 59. Rc6 Re7 60. f6+ 1-0

[Event "*** MasterClass Titled Tuesday Blitz"]
[Site "Chess.com"]
[Date "2017.10.03"]
[Round "1"]
[White "chess2matters"]
[Black "Alexander_Donchenko"]
[Result "0-1"]
[WhiteElo "2303"]
[BlackElo "2576"]
[TimeControl "180+2"]
[EndTime "13:09:10 PDT"]
[Termination "Alexander_Donchenko won by resignation"]

1. d4 Nf6 2. c4 e6 3. Nc3 Bb4 4. Qc2 O-O 5. a3 Bxc3+ 6. Qxc3 b6 7. Bg5 Bb7 8. f3 d5 9. e3 h6 10. Bh4 Nbd7 11. Bd3 c5 12. cxd5 Nxd5 13. Bxd8 Nxc3 14. bxc3 Rfxd8 15. Rd1 Nf6 16. Ne2 Rac8 17. Kf2 Kf8 18.
Rc1 Ke7 19. Rhd1 Rc7 20. e4 Rdc8 21. Ke3 g5 22. g3 h5 23. Rg1 Rh8 24. Rb1 h4 25. g4 Nd7 26. Rb2 e5 27. Ra1 cxd4+ 28. cxd4 Rhc8 29. a4 exd4+ 30. Nxd4 Ne5 31. Be2 Rc3+ 32.
Kf2 Rd8 33. Rd1 Rd7 34. Nf5+ Kf8 35. Rxd7 Nxd7 36. a5 Bc6 37. axb6 axb6 38. Nd4 Ba4 39. Bb5 Bxb5 40. Rxb5 f6 41. Rd5 Ke8 42. Rd6 Rd3 43. Ke2 Ra3 44. Nc6 Ra2+ 45. Ke3 Rxh2 46. Re6+ Kf8 47.
Rd6 Ke8 48. Re6+ Kf8 49. Rd6 Rc2 50. Nd4 Rc3+ 51. Kd2 Rc7 52. Rxb6 Nxb6 53. Ne6+ Kf7 54. Nxc7 h3 0-1